 Dungeon Crawl Stone Soup version 0.26.1-11-gd32895ea62 (webtiles) character file.

Game seed: 7806175886153295735

6231 Almogavar the Thaumaturge (level 10, -2/52 HPs)
             Began as a Deep Elf Conjurer on June 5, 2021.
             Was a Priest of Sif Muna.
             Collided with a rock wall (10 damage)
             ... caused by Erica
             ... on level 9 of the Dungeon.
             The game lasted 00:35:07 (10004 turns).

Almogavar the Thaumaturge (Deep Elf Conjurer)      Turns: 10004, Time: 00:35:09

Health: -2/52      AC:  6    Str:  4    XL:     10   Next: 61%
Magic:  34/37      EV: 14    Int: 27    God:    Sif Muna [***...]
Gold:   443        SH:  0    Dex: 13    Spells: 23/34 levels left

rFire    + . .     SeeInvis +   c - +1 dagger
rCold    . . .     Faith    +   (no shield)
rNeg     . . .     Spirit   .   K - +2 robe {rF+}
rPois    .         Reflect  .   I - +0 helmet
rElec    .         Harm     .   o - scarf {+Inv}
rCorr    .         Rampage  .   (no gloves)
Will     +....                  D - +0 pair of boots
Stlth    +++.......             E - amulet of faith
HPRegen  0.17/turn              k - ring of magical power
MPRegen  0.25/turn              z - ring of see invisible

@: lethally poisoned (-2 -> -3), slowed, very slow
A: no striking features
a: Renounce Religion, Evoke Invisibility, Channel Magic, Forget Spell


You were on level 9 of the Dungeon.
You worshipped Sif Muna.
Sif Muna was most pleased with you.
You visited 2 branches of the dungeon, and saw 10 of its levels.

You collected 443 gold pieces.

Inventory:

Hand Weapons
 c - a +1 dagger (weapon)
 q - a +0 dagger of venom
Armour
 o - a scarf of invisibility (worn)
 r - a cursed +0 leather armour
 D - a +0 pair of boots (worn)
 G - +0 swamp dragon scales
 I - a +0 helmet (worn)
 K - a +2 robe of fire resistance (worn)
Jewellery
 k - a ring of magical power (left hand)
 z - a ring of see invisible (right hand)
 E - an amulet of faith (around neck)
 H - an uncursed ring of resist corrosion
Wands
 h - a wand of iceblast (13)
 s - a wand of flame (12)
 y - a wand of disintegration (35)
 A - a wand of acid (7)
 B - a wand of digging (6)
Scrolls
 g - 6 scrolls of remove curse
 i - 2 scrolls of enchant armour
 j - 3 scrolls of teleportation
 m - 3 scrolls of magic mapping
 v - a scroll of enchant weapon
 w - a scroll of amnesia {unknown}
 J - 2 scrolls of immolation {unknown}
Potions
 d - a potion of brilliance
 e - 4 potions of lignification
 f - 2 potions of berserk rage
 l - 3 potions of resistance
 n - a potion of ambrosia
 p - a potion of flight {unknown}
 t - 4 potions of heal wounds {unknown}
 u - 4 potions of might {unknown}
 x - 2 potions of haste {unknown}
 C - a potion of cancellation {unknown}
 F - a potion of curing


   Skills:
 + Level 1.2 Fighting
 + Level 4.4 Dodging
 + Level 6.5 Stealth
 + Level 12.6 Spellcasting
 + Level 11.2 Conjurations
 + Level 6.8 Translocations


You had 23 spell levels left.
You knew the following spells:

 Your Spells              Type           Power        Failure   Level
a - Magic Dart            Conj           100%         1%          1
b - Searing Ray           Conj           100%         1%          2
c - Iskenderun's Mystic   Conj/Tloc      60%          1%          4
d - Apportation           Tloc           100%         1%          1
e - Mephitic Cloud        Conj/Pois/Air  37%          2%          3

Your spell library contained the following spells:

 Spells                   Type           Power        Failure   Level
 Dazzling Flash           Conj/Hex       94%          1%          3
 Gell's Gravitas          Tloc           26%          1%          3
 Animate Skeleton         Necr           34%          3%          1
 Corona                   Hex            18%          3%          1
 Pain                     Necr           68%          3%          1
 Sting                    Tmut/Pois      68%          3%          1
 Summon Small Mammal      Summ           68%          3%          1
 Fulminant Prism          Conj/Hex       23%          3%          4
 Ensorcelled Hibernation  Hex/Ice        34%          4%          2
 Poisonous Vapours        Pois/Air       34%          4%          2
 Confusing Touch          Hex            17%          10%         3
 Ignite Poison            Fire/Tmut/Pois 17%          10%         3
 Tukima's Dance           Hex            17%          10%         3
 Vampiric Draining        Necr           8%           10%         3
 Animate Dead             Necr           8%           32%         4
 Olgreb's Toxic Radiance  Pois           17%          32%         4
 Petrify                  Tmut/Erth      17%          32%         4
 Agony                    Necr           17%          67%         5
 Metabolic Englaciation   Hex/Ice        8%           67%         5
 Yara's Violent Unravell  Hex/Tmut       8%           67%         5


Dungeon Overview and Level Annotations

Branches:
Dungeon (9/15)             Temple (0/1) D:4            Lair (1/6) D:9
    Orc: D:9-12

Altars:
Cheibriados
Dithmenos
Elyvilon
Fedhas
Hepliaklqana
Kikubaaqudgha
Makhleb
Okawaru
Ru
Sif Muna
Xom
Yredelemnul

Shops:
D:8 [   D:9 (

Annotations:
D:9 Erica


Message History

Confirm with . or Enter, or press ? or * to list all spells.
Aiming: Magic Dart (safe; 1% risk of failure)
Press: ? - help, Shift-Dir - straight line, f/p - Erica
Aim: Erica, wielding a +4 scimitar of flaming and wearing a +1 robe of fire resistance (moderately wounded, slightly transparent, 0% to evade)
The magic dart hits Erica.
Erica is moderately wounded.
Casting: Magic Dart (safe; 1% risk of failure)
Confirm with . or Enter, or press ? or * to list all spells.
Aiming: Searing Ray (safe; 1% risk of failure)
Press: ? - help, Shift-Dir - straight line, f/p - Erica
Aim: Erica, wielding a +4 scimitar of flaming and wearing a +1 robe of fire resistance (moderately wounded, slightly transparent, 19% to evade)
The searing ray hits Erica!
Erica is heavily wounded. (Press . to maintain the ray.) Erica gestures at you while chanting.
The lance of force hits you!
* * * LOW HITPOINT WARNING * * *
You are knocked back by the lance of force.
You slam into the rock wall!
You die...

#.# #...........#.##.#.# #
#.###########.#####.##.#.#
#
#...................##.#.#
#
#############.########.#.#
# ##### #@# #.#.# # #...#
#.# #.#.# # #...# #.#
#.#.# # #...#
#.########.#.# # #...####
#@.........#.# #
##......###############.#
#
#.......................#
#
######...################
# #PP.##..# #._.P.รท.###
#.P.....P.####
#####........P#
#...###...P._P#


You could see Erica (invisible).

Vanquished Creatures
  Pikel (D:6)
  Psyche (D:9)
  Maggie (D:7)
  A troll (D:8)
  Prince Ribbit (D:7)
  Sigmund (D:6)
  5 yaks (D:9)
  4 wyverns (D:9)
  Edmund (D:6)
  4 water moccasins (D:9)
  2 black bears (D:9)
  A hornet zombie (D:7)
  4 ogres
  An ice beast (D:5)
  4 sky beasts
  An eye of draining (D:9)
  3 phantoms (D:6)
  2 centaurs
  4 bullfrogs
  2 scorpions
  A water moccasin skeleton (D:8)
  A hound (D:5)
  A centaur skeleton (D:8)
  4 jellies
  An orc priest (D:8)
  2 bullfrog skeletons
  2 iguanas
  5 worker ants
  2 orc wizards (D:8)
  A hound zombie (D:7)
  A hound skeleton (D:9)
  Robin (D:2)
  3 worker ant zombies
  3 gnolls (D:8)
  11 adders
  2 shadow imps
  A white imp (D:6)
  An ufetubus (D:7)
  2 adder zombies
  2 worms (D:5)
  A dart slug (D:1)
  2 leopard geckos
  13 orcs
  A ball python (D:3)
  2 giant cockroaches
  12 goblins
  16 hobgoblins
  11 jackals
  2 quokkas
  6 bats
  2 frilled lizards
  A giant cockroach zombie (D:6)
  A jackal skeleton (D:7)
  4 kobolds
  A leopard gecko zombie (D:5)
  A quokka skeleton (D:9)
  5 rats
172 creatures vanquished.

Vanquished Creatures (others)
  A bush (D:9)
  3 fungi (D:9)
  27 plants
31 creatures vanquished.

Grand Total: 203 creatures vanquished

Notes
Turn   | Place    | Note
-------+----------+-------------------------------------------
     0 | D:1      | Almogavar the Deep Elf Conjurer began the quest for the
                  | Orb.
     0 | D:1      | Reached XP level 1. HP: 10/10 MP: 6/6
   436 | D:1      | Reached XP level 2. HP: 15/15 MP: 4/8
   482 | D:1      | Learned a level 2 spell: Searing Ray
  1058 | D:2      | Noticed Robin
  1063 | D:2      | Killed Robin
  1064 | D:2      | Reached skill level 5 in Conjurations
  1064 | D:2      | Reached XP level 3. HP: 19/19 MP: 9/9
  1310 | D:2      | Found a white marble altar of Elyvilon.
  1387 | D:2      | Reached XP level 4. HP: 24/24 MP: 11/11
  1587 | D:2      | Found a shimmering blue altar of Sif Muna.
  1602 | D:2      | Became a worshipper of Sif Muna the Loreminder
  1824 | D:3      | Reached skill level 4 in Spellcasting
  1929 | D:3      | Found a shimmering altar of Xom.
  2039 | D:3      | Found an iron altar of Okawaru.
  2261 | D:3      | Reached XP level 5. HP: 28/28 MP: 13/13
  2976 | D:4      | Found a staircase to the Ecumenical Temple.
  3056 | D:5      | Entered Level 5 of the Dungeon
  3126 | D:5      | Noticed an ice beast
  3134 | D:5      | Killed an ice beast
  3135 | D:5      | Reached XP level 6. HP: 32/32 MP: 14/15
  3190 | D:5      | Reached * piety under Sif Muna
  3262 | D:5      | Reached skill level 5 in Spellcasting
  3327 | D:5      | Found a hazy altar of Hepliaklqana.
  3378 | D:5      | Found a shadowy altar of Dithmenos.
  3566 | D:5      | Noticed a sky beast
  3590 | D:5      | Killed a sky beast
  3991 | D:5      | Found a snail-covered altar of Cheibriados.
  4109 | D:6      | Reached XP level 7. HP: 35/36 MP: 16/17
  4178 | D:6      | Reached skill level 6 in Spellcasting
  4281 | D:6      | Learned a level 4 spell: Iskenderun's Mystic Blast
  4579 | D:6      | Noticed Sigmund
  4586 | D:6      | Killed Sigmund
  4587 | D:6      | Reached skill level 7 in Spellcasting
  4587 | D:6      | Reached skill level 1 in Translocations
  4589 | D:6      | Found a white marble altar of Elyvilon.
  4717 | D:6      | Found a basalt altar of Yredelemnul.
  4772 | D:6      | Reached XP level 8. HP: 42/42 MP: 20/20
  4969 | D:6      | Found a sacrificial altar of Ru.
  4995 | D:6      | Noticed Pikel
  5010 | D:6      | Killed Pikel
  5011 | D:6      | Reached skill level 5 in Stealth
  5011 | D:6      | Reached skill level 8 in Spellcasting
  5152 | D:6      | Noticed Edmund
  5162 | D:6      | Killed Edmund
  5163 | D:6      | Reached skill level 1 in Fighting
  5656 | D:7      | Noticed Maggie
  5668 | D:7      | Killed Maggie
  5669 | D:7      | Reached skill level 9 in Spellcasting
  5669 | D:7      | Reached XP level 9. HP: 5/47 MP: 15/24
  5985 | D:7      | Noticed Prince Ribbit
  5991 | D:7      | Killed Prince Ribbit
  6003 | D:7      | Reached ** piety under Sif Muna
  6614 | D:7      | Reached skill level 5 in Translocations
  7245 | D:8      | Reached skill level 10 in Spellcasting
  7665 | D:8      | Learned a level 1 spell: Apportation
  7857 | D:8      | Reached skill level 10 in Conjurations
  7892 | D:8      | Found Dagg's Antique Armour Boutique.
  8053 | D:8      | Reached *** piety under Sif Muna
  8109 | D:8      | Noticed a troll
  8125 | D:8      | Killed a troll
  8126 | D:8      | Reached skill level 11 in Spellcasting
  8183 | D:8      | Found a burning altar of Makhleb.
  8751 | D:9      | Found Guvueh's Antique Weapon Boutique.
  8765 | D:9      | Reached XP level 10. HP: 52/52 MP: 27/27
  8875 | D:9      | Found a staircase to the Lair.
  8956 | D:9      | Reached skill level 12 in Spellcasting
  9160 | D:9      | Learned a level 3 spell: Mephitic Cloud
  9225 | D:9      | Noticed Psyche
  9232 | D:9      | Killed Psyche
  9394 | D:9      | Found an ancient bone altar of Kikubaaqudgha.
  9394 | D:9      | Found a blossoming altar of Fedhas.
  9761 | D:9      | Noticed Erica
  9777 | Lair:1   | Entered Level 1 of the Lair of Beasts
  9945 | Lair:1   | Noticed an eight-headed hydra
 10004 | D:9      | Collided with a rock wall

Illustrated notes

Levels and vault maps discovered:
D:1:      lightli_arrival_statue_moat, layout_basic, amethyst_killhole
D:2:      minmay_angry_zag, layout_rooms, lemuel_round_altar,
          chequers_serial_rivers_room_a, elyvilon_altar_3, uniq_robin
D:3:      layout_loops_corners, okawaru_ov_weapons_minmay, tgw_xom
D:4:      minmay_skewed_foursquare, layout_rooms,
          minmay_temple_entry_large_hall, chequers_arboretum
D:5:      layout_cave_pools, nzn_hepliaklqana_mist_gate, kennysheep_little_box,
          nicolae_dithmenos_shadow_blocks
D:6:      kennysheep_six_static_rooms, layout_loops_ring, kennysheep_ying_yang,
          general_overflow_altar, uniq_pikel, uniq_sigmund, uniq_edmund
D:7:      layout_basic, uniq_prince_ribbit1, uniq_maggie
D:8:      layout_basic, lightli_temple_of_fire, serial_shops,
          nicolae_shop_overgrown_old_shop, nicolae_straight_to_the_point
D:9:      layout_basic, grunt_temple_overflow_growth_and_decay,
          minmay_lair_entry_grove, serial_shops, shop, uniq_psyche, uniq_erica
Lair:1:   layout_misc_corridors, grunt_megastairs_3

Skill      XL: |  1  2  3  4  5  6  7  8  9 10 |
---------------+-------------------------------+-----
Conjurations   | 5 6 7 8 9 10 11 | 11.2
Stealth        | 3 4 6 |  6.5
Spellcasting   | 4 5 7 9 11 12 | 12.6
Dodging        | 3 4 |  4.4
Translocations | 2 4 5 6 |  6.8
Fighting       | 1 |  1.2

Action                   |  1- 3 |  4- 6 |  7- 9 | 10-12 || total
-------------------------+-------+-------+-------+-------++-------
Melee: Dagger            |     1 |       |     3 |     1 ||     5
 Cast: Magic Dart        |    44 |    68 |    92 |    17 ||   221
       Searing Ray       |     7 |    29 |    61 |    22 ||   119
       Iskenderun's Myst |       |       |     2 |     2 ||     4
  Use: Scroll            |     3 |     4 |     6 |     1 ||    14
 Stab: Sleeping          |       |       |     2 |     1 ||     3
Armor: Robe              |       |     4 |     2 |       ||     6
Dodge: Dodged            |     3 |     9 |    11 |    10 ||    33
